 Dungeon Crawl Stone Soup version 0.31-a0-466-g98c9adc2b6 (webtiles) character file.

Game seed: 14042768273624116714

73 porpoise the Stinger (level 4, -5/24 HPs)
             Began as a Gargoyle Venom Mage on Aug 6, 2023.
             Blown up by Ijyb (11 damage)
             ... with a mindburst bolt
             ... on level 3 of the Dungeon.
             The game lasted 00:11:07 (2144 turns).

porpoise the Stinger (Gargoyle Venom Mage)          Turns: 2144, Time: 00:11:08

Health: -5/24      AC:  6    Str: 11    XL:     4   Next: 27%
Magic:  4/8        EV: 11    Int: 18    God:
Gold:   156        SH:  0    Dex: 10    Spells: 2/8 levels left

rFire   . . .        a - +3 dagger (venom)
rCold   . . .        (no shield)
rNeg    + . .        h - +0 robe
rPois   ∞            (no helmet)
rElec   +            (no cloak)
rCorr   .            c - +0 pair of gloves
SInv    .            (no boots)
Will    .....        (no amulet)
Stlth   ++           (no ring)
HPRegen 0.24/turn    (no ring)
MPRegen 0.11/turn

%: no passive effects
@: no status effects
A: sickness immunity, AC +3, negative energy resistance 1, electricity
resistance, torment resistance 1, petrification resistance
a: no special abilities


You were on level 3 of the Dungeon.
You visited 1 branch of the dungeon, and saw 3 of its levels.

You collected 156 gold pieces.

Inventory:

Hand Weapons
 a - a +3 dagger of venom (weapon)
 b - a +0 sling
 w - a +1 hand axe of holy wrath
Armour
 c - a +0 pair of gloves (worn)
 h - a +0 robe (worn)
Magical Staves
 n - a staff of conjuration
Scrolls
 i - a scroll of revelation {unknown}
 j - a scroll of vulnerability {unknown}
 k - a scroll of enchant armour {unknown}
 m - a scroll of teleportation
 q - a scroll of immolation {unknown}
Potions
 d - a potion of might {unknown}
 e - 2 potions of curing
 f - a potion of cancellation
 g - a potion of magic
 l - a potion of attraction {unknown}
 o - a potion of mutation {unknown}
 p - a potion of enlightenment {unknown}


   Skills:
 - Level 1.5 Dodging
 - Level 2.1 Stealth
 + Level 2.9 Spellcasting
 - Level 1.3 Transmutations
 + Level 1.0 Air Magic
 + Level 3.7 Poison Magic


You had 2 spell levels left.
You knew the following spells:

 Your Spells              Type           Power      Damage    Failure   Level
a - Sting                 Tmut/Pois      44%        1d5       6%          1
b - Poisonous Vapours     Pois/Air       22%        N/A       10%         2
c - Mephitic Cloud        Conj/Pois/Air  8%         N/A       26%         3

Your spell library contained the following spells:

 Spells                   Type           Power      Damage    Failure   Level
 Necrotise                Necr           8%         1d4       17%         1
 Olgreb's Toxic Radiance  Pois           16%        N/A       34%         4
 Tukima's Dance           Hex            2%         N/A       45%         3
 Vampiric Draining        Necr           2%         2d6       45%         3
 Passage of Golubria      Tloc           2%         N/A       86%         4
 Yara's Violent Unravell  Hex/Tmut       2%         3d3       98%         5
 Agony                    Necr           2%         N/A       99%         5


Dungeon Overview and Level Annotations

Branches:
Dungeon (3/15)

Altars:

Annotations:
D:3 Ijyb


Innate Abilities, Weirdness & Mutations

You are immune to sickness and miasma.
Your stone body is resilient. (AC +3)
You are immune to poison.
You resist negative energy. (rN+)
You are resistant to electric shocks. (rElec)
You are resistant to unholy torment.
You are immune to petrification.


Message History

The sting hits the frilled lizard.
The frilled lizard is poisoned.
You kill the frilled lizard!
You start resting.
Magic restored.
You see here a frilled lizard corpse.
Ijyb the Twisted Goblin comes into view.
She is wielding a +0 dagger of protection and carrying a wand of mindburst.
Ijyb shouts!
Ijyb zaps a wand.
You barely resist.
Ijyb zaps a wand.
Your mind is blasted!
Casting: Sting (safe; 6% risk of failure)
Confirm with . or Enter, or press ? or * to list all spells.
Aiming: Poisonous Vapours (safe; 10% risk of failure)
Press: ? - help, Dir - move target, f - Ijyb
Aim: Ijyb, wielding a +0 dagger of protection, wearing a +0 leather armour and carrying a wand of mindburst Poisonous vapours surround Ijyb!
Ijyb is poisoned.
Casting: Poisonous Vapours (safe; 10% risk of failure)
Confirm with . or Enter, or press ? or * to list all spells.
Aiming: Sting (safe; 6% risk of failure)
Press: ? - help, Shift-Dir - straight line, f/p - Ijyb
Aim: Ijyb, wielding a +0 dagger of protection, wearing a +0 leather armour and carrying a wand of mindburst (poisoned, 64% to hit)
The sting hits Ijyb but does no damage.
Ijyb looks even sicker.
Casting: Sting (safe; 6% risk of failure)
Confirm with . or Enter, or press ? or * to list all spells.
Aiming: Sting (safe; 6% risk of failure)
Press: ? - help, Shift-Dir - straight line, f/p - Ijyb
Aim: Ijyb, wielding a +0 dagger of protection, wearing a +0 leather armour and carrying a wand of mindburst (very poisoned, 64% to hit)
The sting hits Ijyb but does no damage.
Ijyb looks even sicker.
You closely miss Ijyb. Ijyb barely misses you.
You hit Ijyb.
Ijyb is lightly wounded.
Ijyb barely misses you.
You closely miss Ijyb.
Ijyb is lightly wounded.
Ijyb zaps a wand.
Your mind is blasted!
Ouch! That really hurt!
* * * LOW HITPOINT WARNING * * *
You closely miss Ijyb.
Ijyb is lightly wounded.
Ijyb zaps a wand.
Your mind is blasted!
You die...

#.#########
#...# ##.#
#...# #..#
#...# .#.#
##.## .#[#
#.# .#.#
#.# .#.#
#.# ...#
#.# ####
#@# #######
#g# .......
#.# #######
#.# #.# #.#
..# ###


You could see Ijyb (very poisoned).

Vanquished Creatures
  An adder (D:3)
  A gnoll (D:1)
  A worm (D:2)
  2 dart slugs
  8 bats
  3 endoplasms
  2 giant cockroaches (D:2)
  7 goblins
  4 hobgoblins
  A quokka (D:1)
  7 ball pythons
  4 frilled lizards
  A kobold (D:1)
  3 rats
45 creatures vanquished.

Notes
Turn   | Place    | Note
-------+----------+-------------------------------------------
     0 | D:1      | porpoise the Gargoyle Venom Mage began the quest for the
                  | Orb.
     0 | D:1      | Reached XP level 1. HP: 10/10 MP: 3/3
    79 | D:1      | Reached skill level 1 in Transmutations
    80 | D:1      | Reached XP level 2. HP: 15/15 MP: 0/5
   131 | D:1      | Learned a level 2 spell: Poisonous Vapours
   369 | D:1      | Reached XP level 3. HP: 13/19 MP: 1/6
  1522 | D:2      | Reached XP level 4. HP: 24/24 MP: 6/8
  1541 | D:2      | Learned a level 3 spell: Mephitic Cloud
  1953 | D:3      | Reached skill level 1 in Air Magic
  2135 | D:3      | Noticed Ijyb
  2144 | D:3      | Blown up by Ijyb

Illustrated notes

Levels and vault maps discovered:
D:1:      spicycebolla_arrival_clurvy, layout_rooms, minmay_misc_feat_rows,
          minmay_misc_feat_five
D:2:      layout_loops_corners, minmay_tree_intersection
D:3:      layout_loops_ring, pdpol_wu_jian_five_deadly_venoms, uniq_ijyb

Skill      XL: |  1  2  3  4 |
---------------+-------------+-----
Transmutations | 1 |  1.3
Air Magic      | 1 |  1.0
Dodging        | |  1.5
Stealth        | |  2.1
Spellcasting   | |  2.9
Poison Magic   | |  3.7

Action                     |  1- 3 |  4- 6 || total
---------------------------+-------+-------++-------
  Melee: Quarterstaff      |    32 |       ||    32
         Dagger            |    11 |    10 ||    21
   Cast: Sting             |    38 |    11 ||    49
         Poisonous Vapours |     6 |     2 ||     8
    Use: Scroll            |       |     3 ||     3
 Armour: Robe              |    25 |     3 ||    28
  Dodge: Dodged            |    24 |     7 ||    31

Table legend: (Time is in decaauts)
 A = Elapsed time spent in this place.
 B = Non-inter-level travel time spent in this place.
 C = Inter-level travel time spent in this place.
 D = Time resting spent in this place.
 E = Time spent auto-exploring this place.
 F = Levels seen in this place.
 G = Mean time per level.
                   A        B        C        D        E       F      G
               +--------+--------+--------+--------+--------+-----+--------+
         Total |   2151 |   2103 |     48 |    578 |   1148 |   3 |  717.0 |
       Dungeon |   2151 |   2103 |     48 |    578 |   1148 |   3 |  717.0 |
               +--------+--------+--------+--------+--------+-----+--------+

Top non-repeatable levels by time:
     D:2: 1045 daAuts
     D:1: 814 daAuts
     D:3: 291 daAuts
